 Dungeon Crawl Stone Soup version 0.24.1-14-gf8d2b509d9 (webtiles) character file.

Game seed: 8340673181553602262, levelgen mode: deterministic

998 KlarStein the Slasher (level 8, 74/93 HPs)
             Began as a Demonspawn Berserker on Dec 11, 2020.
             Was a Priest of Trog.
             Quit the game on level 6 of the Dungeon.
             The game lasted 00:17:37 (4200 turns).

KlarStein the Slasher (Demonspawn Berserker)        Turns: 4200, Time: 00:17:37

Health: 74/93      AC: 10    Str: 22    XL:     8   Next: 0%
Magic:  8/8        EV: 13    Int: 10    God:    Trog [***...]
Gold:   337        SH:  4    Dex: 14    Spells: 7/7 levels left

rFire    . . .     SeeInvis .   a - +0 falchion
rCold    + . .     Gourm    .   (no shield)
rNeg     . . .     Faith    .   l - +0 ring mail {rPois}
rPois    +         Spirit   .   (no helmet)
rElec    .         Reflect  .   g - +2 cloak
rCorr    .         Harm     .   v - +0 pair of gloves
MR       .....                  (no boots)
Stlth    ..........             j - amulet of the acrobat
HPRegen  0.25/turn              r - ring of flight
MPRegen  0.11/turn              (no ring)

@: berserking, very quick
A: hooves 1, large bone plates 1, cold resistance 1, demonic guardian 1,
freezing cloud immunity
a: Berserk, Trog's Hand, Renounce Religion, Evoke Flight


You were on level 6 of the Dungeon.
You worshipped Trog.
Trog was most pleased with you.
You were not hungry.

You visited 2 branches of the dungeon, and saw 7 of its levels.

You collected 337 gold pieces.

Inventory:

Hand Weapons
 a - a +0 falchion (weapon)
Missiles
 n - 30 poisoned darts
 p - 5 datura-tipped darts (quivered)
 t - a throwing net
Armour
 g - a +2 cloak (worn)
 l - a +0 ring mail of poison resistance (worn)
 s - a +0 shield
 v - a +0 pair of gloves (worn)
Jewellery
 j - an amulet of the acrobat (around neck)
 r - a ring of flight (left hand)
 y - an uncursed amulet of faith {unknown}
 z - an uncursed ring of stealth {unknown}
Wands
 w - a wand of paralysis (14)
Scrolls
 d - 7 scrolls of identify
 e - 3 scrolls of remove curse
 i - a scroll of fog
 A - a scroll of fear
Potions
 b - a potion of berserk rage {unknown}
 f - 5 potions of curing
 h - 4 potions of heal wounds {unknown}
 k - a potion of lignification {unknown}
 m - a potion of degeneration {unknown}
 o - 2 potions of might {unknown}
 q - a potion of cancellation {unknown}
 u - a potion of haste {unknown}
 B - 2 potions of mutation {unknown}
 C - a potion of brilliance {unknown}
Comestibles
 c - 10 rations


   Skills:
 + Level 5.0 Fighting
 * Level 5.9 Long Blades
 + Level 4.1 Armour
 + Level 4.1 Dodging


You had 7 spell levels left.
You didn't know any spells.
Your spell library was empty.

Dungeon Overview and Level Annotations

Branches:
Dungeon (6/15)             Temple (1/1) D:5

Altars:
Ashenzari
Cheibriados
Dithmenos
Elyvilon
Gozag
Kikubaaqudgha
Makhleb
Okawaru
Ru
Sif Muna
Trog
Wu Jian
Xom
Zin

Annotations:
D:5 Menkaure


Innate Abilities, Weirdness & Mutations

You have large cloven feet.
You are partially covered in large bone plates. (SH +4)
Your flesh is cold resistant. (rC+)
A weak demonic guardian rushes to your aid.
You are immune to freezing clouds.


Message History

You eat one of the 11 rations.
That ration really hit the spot!
You start resting.
HP restored.
An ogre comes into view. It is wielding a +0 giant spiked club.
The ogre shouts!
A red film seems to cover your vision as you go berserk!
You feel yourself moving faster!
You feel mighty!
You feel a lot more hungry.
You slice the ogre!! You kick the ogre.
The ogre is almost dead.
The ogre hits you with a +0 giant spiked club!
You slash the ogre!
You kill the ogre!
Trog accepts your kill.
Your Fighting skill increases to level 5!
You have reached level 8!
You feel clever.
Your demonic ancestry asserts itself...
You feel the presence of a demonic guardian.
Are you sure you want to abandon this character and quit the game? (Confirm with "yes".)
Okay, then.
Are you sure you want to abandon this character and quit the game? (Confirm with "yes".)

..... ###.
... ....#
#'# .....
#.# ....#
#.# ... #.#
#.#####.#
#.).....#
#.@###..#
#...##..#
...#.##..#
.....
.##..#######
#......
..#.........
#......
..##.#######
#......
#.#........#
#......
.#..#####.#
#....####..#


There were no monsters in sight!

Vanquished Creatures
  Edmund (D:4)
  A sky beast (D:6)
  An ice beast (D:5)
  A phantom (D:5)
  An ogre (D:6)
  A centaur (D:5)
  Blork the orc (D:5)
  A howler monkey (D:3)
  A bullfrog skeleton (D:4)
  An orc wizard (D:4)
  3 worker ants
  A killer bee zombie (D:5)
  10 adders
  A howler monkey skeleton (D:5)
  7 worms
  2 dart slugs (D:2)
  2 leopard geckos
  9 orcs
  2 giant cockroaches
  11 goblins
  5 hobgoblins
  14 kobolds
  5 quokkas
  3 ball pythons
  7 bats
  4 frilled lizards
  7 rats
103 creatures vanquished.

Notes
Turn   | Place    | Note
-------+----------+-------------------------------------------
     0 | D:1      | KlarStein the Demonspawn Berserker began the quest for the
                  | Orb.
     0 | D:1      | Reached XP level 1. HP: 18/18 MP: 1/1
   128 | D:1      | Gained mutation: Your flesh is cold resistant. (rC+)
                  | [demonic ancestry]
   128 | D:1      | Reached XP level 2. HP: 13/24 MP: 2/2
   857 | D:2      | Reached XP level 3. HP: 29/29 MP: 3/3
   878 | D:2      | Reached ** piety under Trog
  1332 | D:2      | Gained mutation: You are partially covered in large bone
                  | plates. (SH +4) [demonic ancestry]
  1332 | D:2      | Reached XP level 4. HP: 18/35 MP: 4/4
  1903 | D:2      | Found a bloodstained altar of Trog.
  2245 | D:3      | Found a white marble altar of Elyvilon.
  2246 | D:3      | Found an opulent altar of Gozag.
  2256 | D:3      | Found a shattered altar of Ashenzari.
  2256 | D:3      | Found an ancient bone altar of Kikubaaqudgha.
  2256 | D:3      | Found a burning altar of Makhleb.
  2505 | D:3      | Found a shimmering blue altar of Sif Muna.
  2505 | D:3      | Found a snail-covered altar of Cheibriados.
  2506 | D:3      | Found a sacrificial altar of Ru.
  2572 | D:3      | Reached *** piety under Trog
  2584 | D:3      | Reached XP level 5. HP: 31/42 MP: 5/5
  2867 | D:4      | Found a shimmering altar of Xom.
  2879 | D:4      | Noticed an angel
  2900 | D:4      | Found a glowing silver altar of Zin.
  3044 | D:4      | Gained mutation: You have large cloven feet. [demonic
                  | ancestry]
  3044 | D:4      | Reached XP level 6. HP: 36/48 MP: 6/6
  3105 | D:4      | Noticed Edmund
  3120 | D:4      | Killed Edmund
  3223 | D:4      | Found Jiquts's Armour Shop.
  3392 | D:5      | Entered Level 5 of the Dungeon
  3479 | D:5      | Reached skill level 5 in Long Blades
  3479 | D:5      | Gained mutation: You are immune to freezing clouds.
                  | [demonic ancestry]
  3479 | D:5      | Reached XP level 7. HP: 54/55 MP: 7/7
  3514 | D:5      | Found a staircase to the Ecumenical Temple.
  3526 | Temple   | Entered the Ecumenical Temple
  3604 | D:5      | Noticed Blork the orc
  3613 | D:5      | Killed Blork the orc
  3639 | D:5      | Noticed Menkaure
  4199 | D:6      | Reached skill level 5 in Fighting
  4199 | D:6      | Gained mutation: A weak demonic guardian rushes to your
                  | aid. [demonic ancestry]
  4199 | D:6      | Reached XP level 8. HP: 62/62 MP: 8/8
  4200 | D:6      | Quit the game

Levels and vault maps discovered:
D:1:      kilobyte_arrival_exit_the_forest, layout_rooms,
          minmay_misc_feat_secret_circle
D:2:      layout_basic, lightli_temple_of_fire, minmay_misc_feat_room
D:3:      layout_basic, grunt_temple_overflow_open
D:4:      layout_rooms, grunt_temple_overflow_order_and_chaos_1, first_ration,
          serial_shops, kennysheep_mini_moat, kennysheep_generic_room_7,
          uniq_edmund
D:5:      layout_cave_pools, minmay_temple_entry_statues_pillars,
          serial_bayou_ford_a, uniq_menkaure, uniq_blork_the_orc,
          uniq_crazy_yiuf_cottage
D:6:      layout_basic, basic_altar
Temple:   cyrus_temple_forest

Skill      XL: |  1  2  3  4  5  6  7 |
---------------+----------------------+-----
Long Blades    | 3 4 5 |  5.9
Armour         | 2 3 4 |  4.1
Dodging        | 2 3 4 |  4.1
Fighting       | 4 5 |  5.0

Action                   |  1- 3 |  4- 6 |  7- 9 || total
-------------------------+-------+-------+-------++-------
Melee: Falchion          |   115 |   205 |    63 ||   383
       Kick              |       |    19 |    20 ||    39
Invok: Berserk           |     2 |     3 |     2 ||     7
       Trog's Hand       |     1 |     1 |     1 ||     3
  Use: Scroll            |       |     7 |     1 ||     8
  Eat: Chunk             |     3 |    11 |     1 ||    15
       Ration            |       |       |     1 ||     1
Armor: Animal skin       |     4 |       |       ||     4
       Leather armour    |    22 |    12 |       ||    34
       Ring mail         |       |    30 |    22 ||    52
       Scale mail        |       |     1 |       ||     1
Dodge: Dodged            |    67 |   126 |    40 ||   233
Block: Other             |       |    19 |     2 ||    21
       Rpst.: Falchion   |    21 |    27 |    16 ||    64
